2921 views
Uploaded 2020-02-09 00:33:29
Game version 1.32 / 1.32.1
44:44 long 3on3 ladder game on (6)ThunderLake_LV
Saved by BEARAND
2921 views
Uploaded 2020-02-09 00:33:29
Game version 1.32 / 1.32.1
44:44 long 3on3 ladder game on (6)ThunderLake_LV


115 units @ 14.7k
/ 2.2k
263 buildings @ 18.7k
/ 10.4k


| Healing Salve | 2 | 200 |
| Orb of Lightning | 2 | 750 |
| Lesser Clarity Potion | 1 | 70 |
| Scroll of Town Portal | 1 | 350 |
| Boots of Speed | 2 | 500 |
| Staff of Teleportation | 2 | 300 |
| Staff of Sanctuary | 1 | 250 |
| total: | 11 | 2420g |
| Peon | 15 | 1125 | / | 0 |
| Troll Batrider | 23 | 3680 | / | 920 |
| total: | 38 | 4805g | / | 920w |
| Watch Tower | 35 | 3850 | / | 2800 |
| Altar of Storms | 2 | 360 | / | 100 |
| Orc Burrow | 4 | 640 | / | 160 |
| War Mill | 1 | 205 | / | 0 |
| Voodoo Lounge | 3 | 390 | / | 90 |
| Great Hall | 1 | 385 | / | 185 |
| Beastiary | 4 | 580 | / | 560 |
| Stronghold | 1 | 315 | / | 190 |
| Fortress | 1 | 325 | / | 190 |
| total: | 50 | 6410g | / | 3895w |
| 0:02 | Peon |
| 0:02 | Peon |
| 0:05 | Altar of Storms |
| 0:17 | Orc Burrow |
| 0:25 | Peon |
| 0:34 | War Mill |
| 0:41 | Peon |
| 0:57 | Peon |
| 1:05 | Peon |
| 1:12 | Voodoo Lounge |
| 1:21 | Peon |
| 1:41 | Peon |
| 1:46 | Orc Burrow |
| 1:55 | Watch Tower |
| 2:01 | Peon |
| 2:10 | Wind Walk |
| 2:16 | Healing Salve |
| 2:24 | Watch Tower |
| 2:42 | Peon |
| 2:45 | Watch Tower |
| 2:49 | Peon |
| 2:59 | Watch Tower |
| 3:12 | Watch Tower |
| 3:16 | Peon |
| 3:36 | Watch Tower |
| 4:03 | Stronghold |
| 4:22 | Watch Tower |
| 4:28 | Orc Burrow |
| 4:41 | Watch Tower |
| 5:10 | Watch Tower |
| 5:13 | Boots of Speed |
| 5:27 | Watch Tower |
| 5:46 | Watch Tower |
| 6:30 | Beastiary |
| 6:34 | Beastiary |
| 6:38 | Watch Tower |
| 6:40 | Watch Tower |
| 6:50 | Voodoo Lounge |
| 6:59 | Watch Tower |
| 7:31 | Hex |
| 7:36 | Fortress |
| 7:48 | Troll Batrider |
| 8:08 | Watch Tower |
| 8:18 | Critical Strike |
| 8:26 | Troll Batrider |
| 8:56 | Troll Batrider |
| 8:58 | Troll Batrider |
| 9:17 | Watch Tower |
| 9:39 | Voodoo Lounge |
| 9:41 | Troll Batrider |
| 9:48 | Watch Tower |
| 9:59 | Liquid Fire |
| 10:30 | Great Hall |
| 10:32 | Healing Wave |
| 10:55 | Boots of Speed |
| 11:04 | Reinforced Defenses |
| 11:20 | Steel Ranged Weapons |
| 12:09 | Troll Batrider |
| 12:19 | Watch Tower |
| 12:20 | Watch Tower |
| 13:09 | Watch Tower |
| 13:18 | Healing Salve |
| 13:23 | Troll Batrider |
| 13:26 | Watch Tower |
| 13:38 | Thorium Ranged Weapons |
| 13:48 | Beastiary |
| 13:51 | Beastiary |
| 14:02 | Staff of Teleportation |
| 14:52 | Troll Batrider |
| 14:58 | Wind Walk |
| 15:25 | Watch Tower |
| 15:26 | Watch Tower |
| 15:27 | Troll Batrider |
| 15:34 | Orb of Lightning |
| 15:37 | Lesser Clarity Potion |
| 15:54 | Troll Batrider |
| 17:02 | Watch Tower |
| 17:03 | Watch Tower |
| 17:24 | Troll Batrider |
| 17:45 | Peon |
| 17:45 | Peon |
| 17:46 | Peon |
| 17:52 | Troll Batrider |
| 17:54 | Troll Batrider |
| 18:57 | Altar of Storms |
| 19:06 | Spiked Barricades |
| 19:10 | Watch Tower |
| 19:13 | Watch Tower |
| 19:17 | Watch Tower |
| 19:19 | Watch Tower |
| 19:28 | Healing Wave |
| 20:03 | Troll Batrider |
| 20:14 | Scroll of Town Portal |
| 20:19 | Troll Batrider |
| 20:25 | Orb of Lightning |
| 20:50 | Troll Batrider |
| 21:26 | Troll Batrider |
| 21:55 | Critical Strike |
| 22:06 | Watch Tower |
| 22:24 | Watch Tower |
| 22:25 | Troll Batrider |
| 22:26 | Troll Batrider |
| 22:28 | Orc Burrow |
| 22:38 | Troll Batrider |
| 23:01 | Troll Batrider |
| 23:04 | Watch Tower |
| 23:07 | Watch Tower |
| 23:19 | Staff of Teleportation |
| 23:23 | Watch Tower |
| 23:41 | Watch Tower |
| 23:59 | Staff of Sanctuary |
| 25:22 | Troll Batrider |
| 25:23 | Troll Batrider |
| Right click | 3068 |
| Select group | 913 |
| Select | 668 |
| Misc. action | 95 |
| Build/train/purchase | 95 |
| Use ability | 78 |
| Chat | 78 |
| Assign group | 36 |
| Resource trade | 25 |
| Minimap ping | 12 |
| Esc | 2 |
| Item give/drop | 1 |



| Staff of Sanctuary | 3 | 750 |
| Potion of Mana | 2 | 400 |
| Potion of Healing | 1 | 150 |
| Staff of Teleportation | 3 | 450 |
| Boots of Speed | 3 | 750 |
| Orb of Lightning | 2 | 750 |
| Healing Salve | 1 | 100 |
| Pendant of Energy | 1 | 300 |
| Pendant of Mana | 1 | 600 |
| Khadgar's Gem of Health | 2 | 1200 |
| total: | 19 | 5450g |
| Peasant | 15 | 1125 | / | 0 |
| Priest | 1 | 135 | / | 10 |
| Dragonhawk Rider | 5 | 1000 | / | 150 |
| Gryphon Rider | 7 | 1960 | / | 490 |
| total: | 28 | 4220g | / | 650w |
| Scout Tower | 160 | 4800 | / | 3200 |
| Arcane Tower | 17 | 1190 | / | 850 |
| Guard Tower | 113 | 7910 | / | 5650 |
| Altar of Kings | 1 | 180 | / | 50 |
| Farm | 16 | 1280 | / | 320 |
| Lumber Mill | 2 | 240 | / | 0 |
| Arcane Vault | 4 | 520 | / | 120 |
| Town Hall | 1 | 385 | / | 205 |
| Blacksmith | 1 | 140 | / | 60 |
| Barracks | 1 | 160 | / | 60 |
| Arcane Sanctum | 1 | 150 | / | 140 |
| Gryphon Aviary | 3 | 420 | / | 450 |
| Keep | 2 | 640 | / | 420 |
| Castle | 1 | 360 | / | 210 |
| total: | 190 | 8275g | / | 4605w |
| 0:01 | Peasant |
| 0:02 | Peasant |
| 0:07 | Altar of Kings |
| 0:18 | Farm |
| 0:20 | Peasant |
| 0:24 | Peasant |
| 0:26 | Farm |
| 0:33 | Peasant |
| 0:39 | Peasant |
| 1:02 | Peasant |
| 1:07 | Peasant |
| 1:09 | Scout Tower |
| 1:15 | Peasant |
| 1:20 | Lumber Mill |
| 1:22 | Lumber Mill |
| 1:24 | Peasant |
| 1:32 | Scout Tower |
| 1:35 | Scout Tower |
| 1:36 | Scout Tower |
| 1:39 | Peasant |
| 1:41 | Arcane Tower |
| 1:48 | Scout Tower |
| 1:49 | Scout Tower |
| 2:02 | Arcane Tower |
| 2:07 | Blizzard |
| 2:20 | Scout Tower |
| 2:22 | Scout Tower |
| 2:29 | Guard Tower |
| 2:32 | Scout Tower |
| 2:33 | Guard Tower |
| 2:36 | Scout Tower |
| 2:54 | Guard Tower |
| 2:56 | Guard Tower |
| 2:57 | Scout Tower |
| 2:58 | Peasant |
| 2:58 | Peasant |
| 2:58 | Peasant |
| 3:10 | Guard Tower |
| 3:16 | Scout Tower |
| 3:16 | Scout Tower |
| 3:24 | Scout Tower |
| 3:26 | Guard Tower |
| 3:37 | Guard Tower |
| 3:49 | Guard Tower |
| 3:50 | Guard Tower |
| 4:02 | Scout Tower |
| 4:02 | Scout Tower |
| 4:04 | Guard Tower |
| 4:05 | Scout Tower |
| 4:05 | Scout Tower |
| 4:25 | Staff of Teleportation |
| 4:25 | Boots of Speed |
| 4:41 | Keep |
| 4:42 | Guard Tower |
| 4:43 | Guard Tower |
| 4:44 | Scout Tower |
| 4:46 | Scout Tower |
| 4:47 | Scout Tower |
| 4:47 | Scout Tower |
| 4:48 | Scout Tower |
| 4:56 | Guard Tower |
| 5:04 | Guard Tower |
| 5:05 | Scout Tower |
| 5:12 | Farm |
| 5:31 | Guard Tower |
| 5:34 | Guard Tower |
| 5:34 | Scout Tower |
| 5:35 | Scout Tower |
| 5:36 | Scout Tower |
| 6:07 | Brilliance Aura |
| 6:10 | Scout Tower |
| 6:10 | Scout Tower |
| 6:11 | Scout Tower |
| 6:11 | Scout Tower |
| 6:23 | Guard Tower |
| 6:25 | Scout Tower |
| 6:26 | Scout Tower |
| 6:27 | Scout Tower |
| 6:27 | Scout Tower |
| 6:28 | Scout Tower |
| 6:28 | Scout Tower |
| 6:29 | Scout Tower |
| 6:29 | Scout Tower |
| 6:30 | Scout Tower |
| 6:33 | Guard Tower |
| 6:35 | Scout Tower |
| 6:35 | Scout Tower |
| 6:48 | Guard Tower |
| 6:50 | Improved Masonry |
| 6:53 | Scout Tower |
| 6:54 | Scout Tower |
| 6:55 | Scout Tower |
| 6:55 | Scout Tower |
| 6:56 | Scout Tower |
| 6:57 | Scout Tower |
| 7:21 | Arcane Tower |
| 7:31 | Arcane Vault |
| 7:35 | Arcane Tower |
| 7:48 | Guard Tower |
| 8:02 | Guard Tower |
| 8:03 | Guard Tower |
| 8:06 | Guard Tower |
| 8:07 | Advanced Masonry |
| 8:08 | Imbued Masonry |
| 8:09 | Guard Tower |
| 8:17 | Guard Tower |
| 8:22 | Arcane Sanctum |
| 8:29 | Storm Bolt |
| 8:38 | Guard Tower |
| 8:39 | Guard Tower |
| 8:42 | Arcane Tower |
| 9:01 | Guard Tower |
| 9:02 | Guard Tower |
| 9:03 | Arcane Tower |
| 9:06 | Scout Tower |
| 9:06 | Scout Tower |
| 9:07 | Scout Tower |
| 9:07 | Scout Tower |
| 9:09 | Guard Tower |
| 9:10 | Scout Tower |
| 9:10 | Scout Tower |
| 9:11 | Scout Tower |
| 9:12 | Scout Tower |
| 9:12 | Scout Tower |
| 9:18 | Scout Tower |
| 9:19 | Scout Tower |
| 9:46 | Scout Tower |
| 9:47 | Scout Tower |
| 9:48 | Scout Tower |
| 10:17 | Castle |
| 10:19 | Guard Tower |
| 10:19 | Guard Tower |
| 10:25 | Guard Tower |
| 10:32 | Guard Tower |
| 10:46 | Guard Tower |
| 11:23 | Guard Tower |
| 11:25 | Town Hall |
| 11:27 | Scout Tower |
| 11:49 | Scout Tower |
| 11:50 | Scout Tower |
| 11:51 | Scout Tower |
| 11:51 | Scout Tower |
| 11:52 | Scout Tower |
| 11:52 | Scout Tower |
| 11:53 | Scout Tower |
| 11:53 | Scout Tower |
| 11:54 | Scout Tower |
| 11:54 | Scout Tower |
| 12:01 | Guard Tower |
| 12:05 | Scout Tower |
| 12:06 | Scout Tower |
| 12:06 | Scout Tower |
| 12:07 | Scout Tower |
| 12:08 | Scout Tower |
| 12:08 | Scout Tower |
| 12:09 | Scout Tower |
| 12:10 | Scout Tower |
| 12:18 | Guard Tower |
| 12:18 | Guard Tower |
| 12:21 | Magic Sentry |
| 12:21 | Priest |
| 12:27 | Boots of Speed |
| 12:37 | Guard Tower |
| 12:51 | Farm |
| 12:59 | Arcane Vault |
| 13:00 | Guard Tower |
| 13:02 | Arcane Vault |
| 13:24 | Staff of Sanctuary |
| 14:08 | Guard Tower |
| 14:10 | Guard Tower |
| 14:26 | Blizzard |
| 14:35 | Guard Tower |
| 14:36 | Guard Tower |
| 15:09 | Arcane Tower |
| 15:09 | Guard Tower |
| 15:24 | Guard Tower |
| 15:26 | Peasant |
| 15:30 | Priest Adept Training |
| 15:39 | Guard Tower |
| 15:41 | Scout Tower |
| 15:42 | Scout Tower |
| 15:44 | Scout Tower |
| 15:44 | Guard Tower |
| 15:51 | Arcane Vault |
| 16:01 | Orb of Lightning |
| 16:03 | Potion of Mana |
| 16:04 | Potion of Mana |
| 16:08 | Holy Light |
| 16:13 | Scout Tower |
| 16:14 | Scout Tower |
| 16:15 | Scout Tower |
| 16:16 | Scout Tower |
| 16:19 | Scout Tower |
| 16:22 | Scout Tower |
| 16:22 | Scout Tower |
| 16:23 | Scout Tower |
| 16:23 | Scout Tower |
| 16:23 | Scout Tower |
| 16:24 | Scout Tower |
| 16:24 | Scout Tower |
| 16:25 | Scout Tower |
| 16:26 | Scout Tower |
| 16:27 | Scout Tower |
| 16:27 | Scout Tower |
| 16:28 | Scout Tower |
| 16:29 | Scout Tower |
| 16:32 | Scout Tower |
| 16:33 | Scout Tower |
| 16:33 | Scout Tower |
| 16:34 | Scout Tower |
| 16:34 | Scout Tower |
| 16:35 | Scout Tower |
| 16:35 | Scout Tower |
| 16:38 | Scout Tower |
| 16:57 | Guard Tower |
| 17:10 | Guard Tower |
| 18:01 | Staff of Teleportation |
| 18:29 | Guard Tower |
| 18:29 | Guard Tower |
| 18:32 | Guard Tower |
| 19:01 | Staff of Sanctuary |
| 19:10 | Guard Tower |
| 19:11 | Guard Tower |
| 19:11 | Guard Tower |
| 19:13 | Staff of Sanctuary |
| 19:19 | Orb of Lightning |
| 19:57 | Healing Salve |
| 20:13 | Bash |
| 20:29 | Potion of Healing |
| 20:31 | Staff of Teleportation |
| 20:31 | Boots of Speed |
| 22:13 | Divine Shield |
| 22:18 | Scout Tower |
| 22:19 | Scout Tower |
| 22:20 | Scout Tower |
| 22:20 | Scout Tower |
| 22:20 | Scout Tower |
| 22:21 | Scout Tower |
| 22:21 | Scout Tower |
| 22:21 | Scout Tower |
| 22:52 | Guard Tower |
| 22:53 | Guard Tower |
| 23:02 | Guard Tower |
| 23:05 | Scout Tower |
| 23:06 | Scout Tower |
| 23:06 | Scout Tower |
| 23:07 | Scout Tower |
| 23:13 | Guard Tower |
| 23:31 | Guard Tower |
| 23:49 | Pendant of Energy |
| 23:55 | Guard Tower |
| 23:57 | Scout Tower |
| 23:58 | Scout Tower |
| 23:59 | Scout Tower |
| 23:59 | Scout Tower |
| 24:06 | Gryphon Aviary |
| 24:08 | Blacksmith |
| 24:10 | Barracks |
| 24:11 | Guard Tower |
| 24:13 | Scout Tower |
| 24:14 | Scout Tower |
| 24:14 | Scout Tower |
| 24:15 | Scout Tower |
| 24:16 | Scout Tower |
| 24:16 | Scout Tower |
| 24:20 | Scout Tower |
| 24:21 | Scout Tower |
| 24:22 | Scout Tower |
| 24:23 | Scout Tower |
| 24:23 | Scout Tower |
| 24:30 | Arcane Tower |
| 24:42 | Arcane Tower |
| 25:10 | Arcane Tower |
| 25:16 | Brilliance Aura |
| 25:40 | Guard Tower |
| 26:07 | Guard Tower |
| 26:34 | Pendant of Mana |
| 26:40 | Storm Hammers |
| 26:41 | Dragonhawk Rider |
| 26:41 | Dragonhawk Rider |
| 26:43 | Gryphon Aviary |
| 26:44 | Gryphon Aviary |
| 26:46 | Studded Leather Armor |
| 26:53 | Guard Tower |
| 26:53 | Guard Tower |
| 27:20 | Farm |
| 27:43 | Khadgar's Gem of Health |
| 28:07 | Dragonhawk Rider |
| 28:09 | Holy Light |
| 28:19 | Animal War Training |
| 28:21 | Black Gunpowder |
| 28:21 | Reinforced Leather Armor |
| 28:31 | Storm Bolt |
| 31:02 | Brilliance Aura |
| 32:31 | Khadgar's Gem of Health |
| 32:59 | Dragonhawk Rider |
| 33:01 | Dragonhide Armor |
| 33:01 | Iron Forged Swords |
| 33:54 | Divine Shield |
| 34:15 | Dragonhawk Rider |
| 35:31 | Bash |
| 35:40 | Scout Tower |
| 35:41 | Scout Tower |
| 35:42 | Scout Tower |
| 35:44 | Scout Tower |
| 35:45 | Scout Tower |
| 35:46 | Scout Tower |
| 35:47 | Scout Tower |
| 36:23 | Guard Tower |
| 36:32 | Scout Tower |
| 36:32 | Scout Tower |
| 36:33 | Scout Tower |
| 36:34 | Scout Tower |
| 36:34 | Scout Tower |
| 36:35 | Scout Tower |
| 36:36 | Scout Tower |
| 36:37 | Scout Tower |
| 36:39 | Steel Forged Swords |
| 36:45 | Scout Tower |
| 36:47 | Scout Tower |
| 36:47 | Scout Tower |
| 36:48 | Scout Tower |
| 36:48 | Arcane Tower |
| 37:48 | Guard Tower |
| 37:49 | Guard Tower |
| 37:49 | Guard Tower |
| 37:50 | Guard Tower |
| 37:53 | Scout Tower |
| 37:57 | Scout Tower |
| 37:57 | Scout Tower |
| 37:59 | Scout Tower |
| 38:14 | Mithril Forged Swords |
| 38:27 | Arcane Tower |
| 38:28 | Guard Tower |
| 38:39 | Gryphon Rider |
| 38:43 | Farm |
| 38:45 | Farm |
| 38:47 | Farm |
| 38:48 | Farm |
| 38:54 | Farm |
| 38:54 | Farm |
| 38:54 | Farm |
| 38:57 | Farm |
| 38:58 | Farm |
| 39:08 | Guard Tower |
| 39:12 | Farm |
| 39:25 | Farm |
| 39:39 | Gryphon Rider |
| 40:00 | Gryphon Rider |
| 40:17 | Gryphon Rider |
| 40:20 | Gryphon Rider |
| 40:23 | Gryphon Rider |
| 40:25 | Gryphon Rider |
| 41:17 | Guard Tower |
| 44:31 | Mass Teleport |
| Right click | 4302 |
| Select | 1113 |
| Select group | 830 |
| Build/train/purchase | 339 |
| Use ability | 161 |
| Minimap ping | 31 |
| Assign group | 23 |
| Misc. action | 19 |
| Resource trade | 14 |
| Item give/drop | 9 |
| Chat | 4 |
| Remove unit | 3 |



| Orb of Venom | 1 | 325 |
| Potion of Healing | 2 | 300 |
| Circlet of Nobility | 3 | 525 |
| Boots of Speed | 5 | 1250 |
| Staff of Teleportation | 3 | 450 |
| Staff of Sanctuary | 3 | 750 |
| Scroll of Regeneration | 1 | 100 |
| Amulet of Spell Shield | 2 | 1200 |
| Khadgar's Gem of Health | 1 | 600 |
| total: | 21 | 5500g |
| Wisp | 28 | 1680 | / | 0 |
| Hippogryph | 17 | 2720 | / | 340 |
| Chimaera | 4 | 1320 | / | 280 |
| total: | 49 | 5720g | / | 620w |
| Altar of Elders | 1 | 180 | / | 50 |
| Moon Well | 13 | 2340 | / | 520 |
| Tree of Life | 1 | 340 | / | 185 |
| Hunter's Hall | 1 | 210 | / | 100 |
| Ancient of Wonders | 1 | 90 | / | 30 |
| Ancient of Wind | 3 | 450 | / | 420 |
| Chimaera Roost | 3 | 420 | / | 570 |
| Tree of Ages | 1 | 320 | / | 180 |
| Tree of Eternity | 1 | 330 | / | 200 |
| total: | 23 | 4030g | / | 1875w |
| 0:02 | Wisp |
| 0:02 | Wisp |
| 0:08 | Altar of Elders |
| 0:13 | Moon Well |
| 0:22 | Wisp |
| 0:30 | Wisp |
| 0:38 | Wisp |
| 0:55 | Moon Well |
| 1:00 | Wisp |
| 1:17 | Wisp |
| 1:17 | Wisp |
| 1:26 | Wisp |
| 1:46 | Wisp |
| 1:46 | Wisp |
| 1:54 | Wisp |
| 2:05 | Wisp |
| 2:09 | Entangling Roots |
| 2:39 | Wisp |
| 2:39 | Wisp |
| 3:18 | Wisp |
| 3:41 | Circlet of Nobility |
| 3:42 | Boots of Speed |
| 3:42 | Staff of Teleportation |
| 4:37 | Tree of Ages |
| 5:54 | Tree of Life |
| 6:06 | Thorns Aura |
| 7:08 | Tree of Eternity |
| 8:09 | Trueshot Aura |
| 8:14 | Entangling Roots |
| 8:21 | Moon Well |
| 8:37 | Moon Well |
| 9:11 | Wisp |
| 9:12 | Wisp |
| 9:12 | Wisp |
| 9:12 | Wisp |
| 9:13 | Wisp |
| 10:00 | Frost Arrows |
| 10:16 | Staff of Teleportation |
| 10:16 | Boots of Speed |
| 10:17 | Boots of Speed |
| 10:17 | Boots of Speed |
| 10:24 | Circlet of Nobility |
| 10:38 | Hunter's Hall |
| 10:50 | Moon Well |
| 11:29 | Searing Arrows |
| 12:24 | Staff of Teleportation |
| 12:24 | Boots of Speed |
| 12:24 | Circlet of Nobility |
| 12:39 | Moon Well |
| 12:43 | Well Spring |
| 12:43 | Ultravision |
| 12:46 | Ancient of Wonders |
| 13:02 | Wisp |
| 13:02 | Wisp |
| 13:53 | Orb of Venom |
| 14:09 | Staff of Sanctuary |
| 14:38 | Moon Well |
| 14:39 | Moon Well |
| 15:31 | Staff of Sanctuary |
| 15:37 | Scroll of Regeneration |
| 16:02 | Wisp |
| 16:02 | Wisp |
| 16:02 | Wisp |
| 16:48 | Moon Well |
| 17:32 | Mana Shield |
| 18:10 | Thorns Aura |
| 18:49 | Staff of Sanctuary |
| 18:54 | Moon Well |
| 18:58 | Moon Well |
| 19:30 | Trueshot Aura |
| 19:56 | Potion of Healing |
| 20:58 | Potion of Healing |
| 21:43 | Frost Arrows |
| 22:16 | Searing Arrows |
| 23:31 | Wisp |
| 23:32 | Wisp |
| 23:36 | Amulet of Spell Shield |
| 23:44 | Moon Well |
| 23:48 | Moon Well |
| 25:46 | Amulet of Spell Shield |
| 27:30 | Entangling Roots |
| 28:27 | Mana Shield |
| 32:28 | Nature's Blessing |
| 34:11 | Ancient of Wind |
| 34:15 | Ancient of Wind |
| 34:18 | Ancient of Wind |
| 34:20 | Strength of the Wild |
| 34:21 | Reinforced Hides |
| 35:31 | Trueshot Aura |
| 36:31 | Hippogryph |
| 36:31 | Hippogryph |
| 36:31 | Hippogryph |
| 36:31 | Hippogryph |
| 36:32 | Hippogryph |
| 36:32 | Hippogryph |
| 36:34 | Improved Strength of the Wild |
| 36:34 | Improved Reinforced Hides |
| 37:20 | Chimaera Roost |
| 37:21 | Chimaera Roost |
| 37:22 | Chimaera Roost |
| 37:57 | Khadgar's Gem of Health |
| 38:13 | Advanced Strength of the Wild |
| 38:38 | Hippogryph |
| 38:38 | Hippogryph |
| 38:47 | Chimaera |
| 38:54 | Chimaera |
| 38:55 | Corrosive Breath |
| 39:26 | Hippogryph |
| 39:26 | Hippogryph |
| 39:28 | Hippogryph |
| 39:39 | Chimaera |
| 39:40 | Advanced Reinforced Hides |
| 40:27 | Chimaera |
| 41:19 | Hippogryph |
| 41:20 | Hippogryph |
| 42:35 | Hippogryph |
| 42:35 | Hippogryph |
| 42:36 | Hippogryph |
| 42:36 | Hippogryph |
| 44:13 | Frost Arrows |
| 44:29 | Tranquility |
| Right click | 3277 |
| Select group | 1758 |
| Select | 422 |
| Resource trade | 273 |
| Use ability | 139 |
| Build/train/purchase | 135 |
| Chat | 81 |
| Misc. action | 43 |
| Minimap ping | 33 |
| Assign group | 20 |
| Item give/drop | 16 |
| Esc | 3 |
193 units @ 27.7k
/ 4.7k
105 buildings @ 17.6k
/ 8.8k



| Rod of Necromancy | 2 | 300 |
| Orb of Corruption | 2 | 750 |
| Potion of Healing | 2 | 300 |
| Potion of Lesser Invulnerability | 1 | 150 |
| total: | 7 | 1500g |
| Acolyte | 18 | 1350 | / | 0 |
| Ghoul | 2 | 240 | / | 0 |
| Crypt Fiend | 17 | 3655 | / | 680 |
| Obsidian Statue | 11 | 2200 | / | 385 |
| Gargoyle | 1 | 175 | / | 30 |
| Frost Wyrm | 6 | 2310 | / | 720 |
| total: | 55 | 9930g | / | 1815w |
| Spirit Tower | 11 | 1595 | / | 440 |
| Graveyard | 1 | 215 | / | 0 |
| Crypt | 2 | 400 | / | 100 |
| Ziggurat | 18 | 2700 | / | 900 |
| Altar of Darkness | 2 | 360 | / | 100 |
| Tomb of Relics | 1 | 130 | / | 30 |
| Necropolis | 1 | 225 | / | 0 |
| Slaughterhouse | 2 | 280 | / | 270 |
| Sacrificial Pit | 1 | 75 | / | 150 |
| Boneyard | 3 | 525 | / | 600 |
| Halls of the Dead | 1 | 320 | / | 210 |
| Black Citadel | 1 | 325 | / | 230 |
| total: | 31 | 4910g | / | 2150w |
| 0:02 | Acolyte |
| 0:05 | Graveyard |
| 0:07 | Crypt |
| 0:16 | Acolyte |
| 0:36 | Ziggurat |
| 0:54 | Altar of Darkness |
| 0:56 | Altar of Darkness |
| 1:10 | Ghoul |
| 1:20 | Ghoul |
| 1:42 | Crypt Fiend |
| 1:54 | Tomb of Relics |
| 2:11 | Ziggurat |
| 2:55 | Death Coil |
| 2:59 | Halls of the Dead |
| 3:01 | Rod of Necromancy |
| 3:28 | Crypt Fiend |
| 4:01 | Crypt Fiend |
| 4:03 | Ziggurat |
| 4:14 | Unholy Aura |
| 4:33 | Crypt Fiend |
| 5:26 | Slaughterhouse |
| 5:32 | Summon Quilbeast |
| 5:35 | Crypt Fiend |
| 6:25 | Black Citadel |
| 7:23 | Obsidian Statue |
| 7:32 | Summon Bear |
| 7:41 | Web |
| 7:43 | Ziggurat |
| 8:23 | Creature Attack |
| 8:25 | Rod of Necromancy |
| 8:35 | Obsidian Statue |
| 8:50 | Summon Quilbeast |
| 8:55 | Crypt Fiend |
| 9:03 | Death Coil |
| 9:14 | Destroyer Form |
| 9:28 | Spirit Tower |
| 9:30 | Spirit Tower |
| 10:16 | Orb of Corruption |
| 10:28 | Obsidian Statue |
| 10:46 | Ziggurat |
| 11:29 | Frost Nova |
| 11:46 | Obsidian Statue |
| 11:48 | Crypt Fiend |
| 12:01 | Potion of Healing |
| 12:07 | Ziggurat |
| 12:53 | Obsidian Statue |
| 12:59 | Spirit Tower |
| 13:52 | Obsidian Statue |
| 13:54 | Ziggurat |
| 15:37 | Acolyte |
| 15:37 | Acolyte |
| 15:37 | Acolyte |
| 15:37 | Acolyte |
| 15:38 | Acolyte |
| 17:10 | Crypt Fiend |
| 17:13 | Necropolis |
| 17:48 | Crypt Fiend |
| 17:49 | Obsidian Statue |
| 17:51 | Ziggurat |
| 17:56 | Ziggurat |
| 17:58 | Ziggurat |
| 17:59 | Ziggurat |
| 18:32 | Dark Ritual |
| 18:39 | Burrow |
| 19:09 | Spirit Tower |
| 19:10 | Ziggurat |
| 19:11 | Ziggurat |
| 19:15 | Spirit Tower |
| 19:27 | Summon Bear |
| 20:03 | Spirit Tower |
| 21:13 | Crypt Fiend |
| 21:14 | Obsidian Statue |
| 21:48 | Gargoyle |
| 21:49 | Crypt Fiend |
| 21:50 | Slaughterhouse |
| 22:01 | Crypt |
| 22:21 | Obsidian Statue |
| 22:33 | Crypt Fiend |
| 22:48 | Orb of Corruption |
| 22:50 | Potion of Healing |
| 23:03 | Obsidian Statue |
| 23:08 | Crypt Fiend |
| 23:12 | Crypt Fiend |
| 23:47 | Crypt Fiend |
| 23:52 | Crypt Fiend |
| 23:52 | Crypt Fiend |
| 24:12 | Sacrificial Pit |
| 25:47 | Unholy Aura |
| 26:27 | Boneyard |
| 26:28 | Boneyard |
| 26:34 | Boneyard |
| 26:58 | Frost Nova |
| 27:45 | Frost Wyrm |
| 27:47 | Frost Wyrm |
| 29:16 | Frost Wyrm |
| 29:50 | Dark Ritual |
| 30:20 | Frost Wyrm |
| 31:19 | Acolyte |
| 31:38 | Frost Wyrm |
| 32:39 | Freezing Breath |
| 33:03 | Frost Wyrm |
| 33:59 | Acolyte |
| 34:12 | Creature Carapace |
| 35:23 | Potion of Lesser Invulnerability |
| 36:22 | Improved Creature Carapace |
| 36:30 | Acolyte |
| 36:49 | Acolyte |
| 36:49 | Acolyte |
| 37:28 | Acolyte |
| 37:28 | Acolyte |
| 37:31 | Acolyte |
| 37:31 | Acolyte |
| 37:53 | Ziggurat |
| 37:54 | Ziggurat |
| 38:21 | Ziggurat |
| 38:49 | Spirit Tower |
| 38:53 | Acolyte |
| 38:53 | Acolyte |
| 39:26 | Spirit Tower |
| 39:38 | Spirit Tower |
| 40:25 | Ziggurat |
| 40:26 | Ziggurat |
| 41:37 | Advanced Creature Carapace |
| 42:06 | Spirit Tower |
| 42:46 | Obsidian Statue |
| Right click | 3090 |
| Select group | 2684 |
| Misc. action | 1016 |
| Select | 898 |
| Assign group | 493 |
| Build/train/purchase | 387 |
| Use ability | 99 |
| Minimap ping | 90 |
| Chat | 23 |
| Remove unit | 2 |
Chikarey
(44:38) : 

| Lesser Clarity Potion | 2 | 140 |
| Staff of Preservation | 1 | 150 |
| Orb of Venom | 1 | 325 |
| Scroll of Town Portal | 1 | 350 |
| Dust of Appearance | 1 | 75 |
| total: | 6 | 1040g |
| Wisp | 43 | 2580 | / | 0 |
| Huntress | 5 | 975 | / | 100 |
| Archer | 1 | 130 | / | 10 |
| Hippogryph | 19 | 3040 | / | 380 |
| Dryad | 7 | 1015 | / | 420 |
| Druid of the Claw | 6 | 1530 | / | 480 |
| Chimaera | 5 | 1650 | / | 350 |
| Goblin Shredder | 1 | 375 | / | 100 |
| total: | 87 | 11295g | / | 1840w |
| Ancient Protector | 27 | 3645 | / | 2160 |
| Altar of Elders | 1 | 180 | / | 50 |
| Moon Well | 7 | 1260 | / | 280 |
| Hunter's Hall | 1 | 210 | / | 100 |
| Ancient of War | 1 | 150 | / | 60 |
| Ancient of Wonders | 1 | 90 | / | 30 |
| Tree of Life | 4 | 1360 | / | 740 |
| Ancient of Wind | 2 | 300 | / | 280 |
| Ancient of Lore | 2 | 310 | / | 290 |
| Chimaera Roost | 3 | 420 | / | 570 |
| Tree of Ages | 2 | 640 | / | 360 |
| Tree of Eternity | 2 | 660 | / | 400 |
| total: | 49 | 7925g | / | 4560w |
| 0:02 | Wisp |
| 0:02 | Wisp |
| 0:09 | Altar of Elders |
| 0:18 | Moon Well |
| 0:23 | Wisp |
| 0:31 | Wisp |
| 0:46 | Wisp |
| 0:57 | Wisp |
| 0:59 | Wisp |
| 1:08 | Wisp |
| 1:17 | Wisp |
| 1:23 | Wisp |
| 1:49 | Hunter's Hall |
| 1:52 | Ancient of War |
| 2:04 | Moon Well |
| 2:13 | Entangling Roots |
| 2:51 | Wisp |
| 2:52 | Ultravision |
| 3:06 | Huntress |
| 3:15 | Huntress |
| 3:53 | Huntress |
| 4:02 | Wisp |
| 4:22 | Moon Well |
| 4:24 | Wisp |
| 4:33 | Huntress |
| 4:44 | Tree of Ages |
| 5:04 | Ancient Protector |
| 5:28 | Huntress |
| 6:34 | Ancient of Wonders |
| 6:36 | Ancient Protector |
| 7:09 | Ancient of Wind |
| 7:27 | Wisp |
| 7:27 | Wisp |
| 7:27 | Wisp |
| 7:35 | Force of Nature |
| 7:38 | Tree of Life |
| 7:39 | Archer |
| 7:45 | Wisp |
| 7:52 | Ancient Protector |
| 7:56 | Wisp |
| 8:00 | Lesser Clarity Potion |
| 8:02 | Staff of Preservation |
| 8:22 | Hippogryph |
| 8:25 | Wisp |
| 8:28 | Ancient Protector |
| 8:50 | Breath of Fire |
| 8:52 | Wisp |
| 9:06 | Wisp |
| 9:38 | Nature's Blessing |
| 9:47 | Wisp |
| 9:47 | Wisp |
| 9:48 | Wisp |
| 9:48 | Wisp |
| 9:49 | Wisp |
| 10:19 | Wisp |
| 10:21 | Ancient of Lore |
| 10:30 | Goblin Shredder |
| 10:44 | Wisp |
| 10:50 | Ancient Protector |
| 10:52 | Ancient Protector |
| 12:24 | Ancient Protector |
| 12:25 | Wisp |
| 12:28 | Ancient Protector |
| 12:29 | Hippogryph |
| 12:34 | Lesser Clarity Potion |
| 12:41 | Ancient Protector |
| 12:58 | Ancient Protector |
| 12:59 | Wisp |
| 13:00 | Wisp |
| 13:08 | Scroll of Town Portal |
| 13:12 | Wisp |
| 13:13 | Wisp |
| 13:13 | Wisp |
| 13:13 | Wisp |
| 13:17 | Ancient Protector |
| 13:50 | Ancient of Lore |
| 13:51 | Dryad |
| 13:52 | Dryad |
| 13:57 | Tree of Eternity |
| 14:06 | Hippogryph |
| 14:14 | Ancient Protector |
| 14:35 | Ancient Protector |
| 14:55 | Drunken Haze |
| 15:04 | Entangling Roots |
| 15:12 | Ancient Protector |
| 15:27 | Dryad |
| 15:29 | Dryad |
| 15:42 | Druid of the Claw Adept Training |
| 16:03 | Dust of Appearance |
| 16:19 | Dryad |
| 16:21 | Druid of the Claw Master Training |
| 16:24 | Moon Well |
| 16:28 | Moon Well |
| 16:34 | Orb of Venom |
| 16:44 | Hippogryph |
| 16:50 | Hippogryph |
| 17:04 | Hippogryph |
| 17:34 | Moon Well |
| 17:59 | Dryad |
| 18:00 | Reinforced Hides |
| 18:10 | Druid of the Claw |
| 19:20 | Chimaera Roost |
| 19:45 | Wisp |
| 20:20 | Ancient Protector |
| 20:33 | Hippogryph |
| 20:37 | Hippogryph |
| 20:43 | Corrosive Breath |
| 20:44 | Chimaera |
| 20:48 | Tree of Life |
| 21:41 | Breath of Fire |
| 21:51 | Druid of the Claw |
| 21:57 | Ancient Protector |
| 22:16 | Druid of the Claw |
| 23:27 | Hippogryph |
| 23:27 | Hippogryph |
| 23:28 | Chimaera |
| 23:44 | Improved Reinforced Hides |
| 23:44 | Well Spring |
| 24:01 | Druid of the Claw |
| 24:57 | Ancient Protector |
| 25:08 | Mark of the Claw |
| 25:42 | Force of Nature |
| 26:20 | Tree of Life |
| 26:40 | Druid of the Claw |
| 26:51 | Advanced Reinforced Hides |
| 27:07 | Wisp |
| 27:10 | Ancient Protector |
| 27:14 | Wisp |
| 27:18 | Wisp |
| 27:34 | Ancient Protector |
| 28:08 | Ancient Protector |
| 28:11 | Ancient Protector |
| 28:12 | Ancient Protector |
| 29:07 | Drunken Brawler |
| 29:33 | Chimaera |
| 30:26 | Druid of the Claw |
| 30:54 | Chimaera |
| 30:57 | Moon Well |
| 31:00 | Wisp |
| 31:00 | Wisp |
| 31:50 | Chimaera Roost |
| 31:54 | Chimaera Roost |
| 31:56 | Wisp |
| 31:56 | Wisp |
| 31:58 | Strength of the Wild |
| 31:58 | Improved Strength of the Wild |
| 32:03 | Ancient Protector |
| 32:05 | Chimaera |
| 32:15 | Hippogryph |
| 32:15 | Hippogryph |
| 32:16 | Hippogryph |
| 33:17 | Ancient of Wind |
| 33:42 | Hippogryph |
| 34:48 | Tree of Life |
| 35:01 | Ancient Protector |
| 35:36 | Hippogryph |
| 35:37 | Hippogryph |
| 35:44 | Dryad |
| 35:52 | Ancient Protector |
| 36:29 | Advanced Strength of the Wild |
| 36:41 | Ancient Protector |
| 37:10 | Hippogryph |
| 37:12 | Hippogryph |
| 37:59 | Ancient Protector |
| 43:38 | Hippogryph |
| Right click | 3672 |
| Select group | 2123 |
| Select | 849 |
| Build/train/purchase | 196 |
| Use ability | 163 |
| Misc. action | 144 |
| Assign group | 143 |
| Minimap ping | 67 |
| Resource trade | 26 |
| Esc | 11 |
| Item give/drop | 3 |
| Remove unit | 1 |



| Staff of Preservation | 2 | 300 |
| Orb of Venom | 1 | 325 |
| Moonstone | 2 | 100 |
| Lesser Clarity Potion | 3 | 210 |
| Potion of Mana | 2 | 400 |
| Potion of Healing | 3 | 450 |
| Dust of Appearance | 1 | 75 |
| Staff of Teleportation | 1 | 150 |
| total: | 15 | 2010g |
| Wisp | 26 | 1560 | / | 0 |
| Archer | 9 | 1170 | / | 90 |
| Glaive Thrower | 12 | 2520 | / | 780 |
| Chimaera | 2 | 660 | / | 140 |
| Centaur Outrunner | 1 | 195 | / | 0 |
| Razormane Medicine Man | 1 | 350 | / | 60 |
| total: | 51 | 6455g | / | 1070w |
| Altar of Elders | 2 | 360 | / | 100 |
| Moon Well | 10 | 1800 | / | 400 |
| Ancient of War | 3 | 450 | / | 180 |
| Hunter's Hall | 1 | 210 | / | 100 |
| Tree of Life | 4 | 1360 | / | 740 |
| Ancient of Wonders | 2 | 180 | / | 60 |
| Ancient of Wind | 1 | 150 | / | 140 |
| Chimaera Roost | 2 | 280 | / | 380 |
| Tree of Ages | 1 | 320 | / | 180 |
| Tree of Eternity | 3 | 990 | / | 600 |
| total: | 25 | 4790g | / | 2100w |
| 0:01 | Wisp |
| 0:01 | Wisp |
| 0:06 | Altar of Elders |
| 0:17 | Moon Well |
| 0:18 | Wisp |
| 0:34 | Ancient of War |
| 0:38 | Wisp |
| 0:51 | Wisp |
| 1:03 | Wisp |
| 1:11 | Wisp |
| 1:28 | Wisp |
| 1:31 | Moon Well |
| 1:35 | Archer |
| 1:44 | Wisp |
| 2:08 | Mana Burn |
| 2:29 | Wisp |
| 3:15 | Tree of Ages |
| 3:21 | Hunter's Hall |
| 3:29 | Ancient of War |
| 3:53 | Moon Well |
| 4:16 | Centaur Outrunner |
| 4:33 | Archer |
| 4:33 | Archer |
| 4:37 | Evasion |
| 5:14 | Archer |
| 5:34 | Archer |
| 5:54 | Rain of Fire |
| 6:02 | Tree of Eternity |
| 6:04 | Wisp |
| 6:04 | Wisp |
| 6:05 | Wisp |
| 6:39 | Ultravision |
| 6:59 | Moon Well |
| 7:31 | Tree of Eternity |
| 7:34 | Tree of Life |
| 8:24 | Ancient of Wind |
| 9:52 | Nature's Blessing |
| 9:59 | Ancient of War |
| 10:11 | Archer |
| 10:11 | Archer |
| 10:13 | Wisp |
| 10:13 | Wisp |
| 10:13 | Wisp |
| 10:13 | Wisp |
| 10:13 | Wisp |
| 10:28 | Breath of Fire |
| 11:01 | Mana Burn |
| 11:23 | Glaive Thrower |
| 11:51 | Wisp |
| 12:18 | Archer |
| 12:54 | Glaive Thrower |
| 12:56 | Vorpal Blades |
| 12:56 | Archer |
| 13:10 | Ancient of Wonders |
| 13:23 | Strength of the Moon |
| 14:39 | Glaive Thrower |
| 15:19 | Glaive Thrower |
| 15:23 | Wisp |
| 15:24 | Wisp |
| 15:24 | Wisp |
| 15:24 | Wisp |
| 15:40 | Staff of Preservation |
| 15:41 | Orb of Venom |
| 15:41 | Moonstone |
| 15:45 | Lesser Clarity Potion |
| 15:45 | Potion of Mana |
| 15:46 | Potion of Healing |
| 16:18 | Moon Well |
| 16:20 | Glaive Thrower |
| 16:35 | Wisp |
| 16:35 | Wisp |
| 17:27 | Glaive Thrower |
| 18:15 | Glaive Thrower |
| 18:38 | Chimaera Roost |
| 18:38 | Chimaera Roost |
| 19:04 | Moon Well |
| 19:07 | Glaive Thrower |
| 19:12 | Improved Strength of the Moon |
| 19:12 | Glaive Thrower |
| 20:14 | Cleaving Attack |
| 20:35 | Drunken Haze |
| 20:41 | Glaive Thrower |
| 21:11 | Chimaera |
| 21:13 | Wisp |
| 22:06 | Glaive Thrower |
| 22:10 | Chimaera |
| 22:30 | Staff of Preservation |
| 22:31 | Moonstone |
| 22:40 | Potion of Healing |
| 22:53 | Glaive Thrower |
| 22:57 | Moon Well |
| 22:59 | Corrosive Breath |
| 23:31 | Lesser Clarity Potion |
| 23:33 | Potion of Healing |
| 23:33 | Potion of Mana |
| 23:55 | Well Spring |
| 24:13 | Razormane Medicine Man |
| 26:25 | Evasion |
| 26:26 | Rain of Fire |
| 26:36 | Tree of Life |
| 31:32 | Moon Well |
| 31:33 | Altar of Elders |
| 31:41 | Tree of Life |
| 32:23 | Moon Well |
| 32:53 | Moon Well |
| 33:27 | Tree of Life |
| 35:04 | Ancient of Wonders |
| 36:24 | Staff of Teleportation |
| 36:45 | Lesser Clarity Potion |
| 36:46 | Dust of Appearance |
| 44:11 | Breath of Fire |
| 44:16 | Breath of Fire |
| Right click | 2892 |
| Select group | 1877 |
| Select | 681 |
| Build/train/purchase | 134 |
| Use ability | 102 |
| Assign group | 66 |
| Misc. action | 52 |
| Minimap ping | 48 |
| Resource trade | 36 |
| Esc | 8 |
| Item give/drop | 4 |